 Dungeon Crawl Stone Soup version 0.30-a0-728-gc68057be0a (webtiles) character file.

Game seed: 9314736181230854660

128 browni3141 the Digger (level 5, -1/37 HPs)
             Began as a Human Earth Elementalist on Jan 30, 2023.
             Slain by a quokka (3 damage)
             ... summoned by Eustachio
             ... on level 3 of the Dungeon.
             The game lasted 00:03:57 (3232 turns).

browni3141 the Digger (Human Earth Elementalist)    Turns: 3232, Time: 00:03:57

Health: -1/37      AC:  4    Str:  8    XL:     5   Next: 34%
Magic:  2/8        EV: 17    Int: 18    God:
Gold:   89         SH:  0    Dex: 13    Spells: 2/8 levels left

rFire   . . .      SeeInvis .    i - +0 dagger
rCold   . . .      Faith    .    (no shield)
rNeg    . . .      Spirit   .    a - +0 robe
rPois   .          Reflect  .    p - +0 helmet
rElec   .          Harm     .    h - +0 cloak
rCorr   .          Rampage  .    (no gloves)
Will    .....                    (no boots)
Stlth   ++                       (no amulet)
HPRegen 0.26/turn                l - +5 ring of evasion
MPRegen 0.11/turn                (no ring)

@: no status effects
A: no striking features
a: no special abilities


You were on level 3 of the Dungeon.
You visited 1 branch of the dungeon, and saw 4 of its levels.

You collected 89 gold pieces.

Inventory:

Hand Weapons
 g - a +0 club
 i - a +0 dagger (weapon)
Armour
 a - a +0 robe (worn)
 h - a +0 cloak (worn)
 p - a +0 helmet (worn)
Jewellery
 l - a +5 ring of evasion (left hand)
 q - a ring of ice
Scrolls
 c - a scroll of enchant armour {unknown}
 e - a scroll of magic mapping {unknown}
 j - 3 scrolls of amnesia {unknown}
 k - a scroll of fear {unknown}
 m - a scroll of identify {unknown}
 n - a scroll of teleportation {unknown}
 s - a scroll of poison {unknown}
Potions
 b - a potion of magic
 d - 2 potions of flight {unknown}
 f - 2 potions of degeneration {unknown}
 o - a potion of haste {unknown}
 r - a potion of lignification {unknown}


   Skills:
 - Level 1.0 Fighting
 - Level 2.0 Dodging
 - Level 2.0 Stealth
 * Level 2.3 Spellcasting
 * Level 1.0 Conjurations
 * Level 1.7 Transmutations
 * Level 4.8 Earth Magic


You had 2 spell levels left.
You knew the following spells:

 Your Spells              Type           Power      Damage    Failure   Level
a - Sandblast             Erth           38%        2d10      2%          1
b - Passwall              Tmut/Erth      10%        N/A       7%          2
c - Stone Arrow           Conj/Erth      24%        3d8       16%         3

Your spell library contained the following spells:

 Spells                   Type           Power      Damage    Failure   Level
 Magic Dart               Conj           24%        1d4       11%         1
 Searing Ray              Conj           12%        2d4       17%         2
 Blink                    Tloc           4%         N/A       26%         2
 Petrify                  Tmut/Erth      13%        N/A       41%         4
 Ozocubu's Armour         Ice            2%         N/A       45%         3
 Fulminant Prism          Conj/Hex       2%         3d5       80%         4
 Manifold Assault         Tloc           2%         N/A       86%         4
 Iskenderun's Battlesphe  Conj           6%         2d6       97%         5
 Fireball                 Conj/Fire      2%         3d4       98%         5
 Metabolic Englaciation   Hex/Ice        1%         N/A       99%         5
 Conjure Ball Lightning   Conj/Air       2%         3x3d6     100%        6
 Simulacrum               Ice/Necr       1%         N/A       100%        6
 Orb of Destruction       Conj           3%         9d5       100%        7
 Storm Form               Tmut/Air       2%         N/A       100%        7


Dungeon Overview and Level Annotations

Branches:
Dungeon (4/15)
 Temple: D:4-7

Altars:
Elyvilon
Kikubaaqudgha

Annotations:
D:3 Eustachio


Message History

The quokka twitches its whiskers.
The quokka closely misses you.
Aiming: Sandblast (safe; 2% risk of failure)
Press: ? - help, Q - select action, (/) - cycle Shift-Dir - straight line, f/p - Eustachio
Aim: Eustachio, wielding a +2 vampiric rapier and wearing a +0 leather armour of poison resistance (moderately wounded, 75% to hit)
The blast of sand hits Eustachio!
Eustachio is severely wounded.
Eustachio hits you with a +2 vampiric rapier.
Eustachio draws strength from your wounds!
The quokka bites you. Eustachio completely misses you. The quokka misses you.
Aiming: Sandblast (safe; 2% risk of failure)
Press: ? - help, Q - select action, (/) - cycle Shift-Dir - straight line, f/p - Eustachio
Aim: Eustachio, wielding a +2 vampiric rapier and wearing a +0 leather armour of poison resistance (heavily wounded, 75% to hit)
The blast of sand hits Eustachio.
Eustachio is heavily wounded.
The quokka barely misses you. Eustachio barely misses you.
Aiming: Sandblast (safe; 2% risk of failure)
Press: ? - help, Q - select action, (/) - cycle Shift-Dir - straight line, f/p - Eustachio
Aim: Eustachio, wielding a +2 vampiric rapier and wearing a +0 leather armour of poison resistance (heavily wounded, 75% to hit)
The blast of sand hits Eustachio.
Eustachio is severely wounded.
The quokka closely misses you. Eustachio misses you.
The quokka completely misses you.
Eustachio hits you with a +2 vampiric rapier!
* * * LOW HITPOINT WARNING * * *
Eustachio draws strength from your wounds!
Aiming: Sandblast (safe; 2% risk of failure)
Press: ? - help, Q - select action, (/) - cycle Shift-Dir - straight line, f/p - Eustachio
Aim: Eustachio, wielding a +2 vampiric rapier and wearing a +0 leather armour of poison resistance (heavily wounded, 75% to hit)
The blast of sand misses Eustachio.
The quokka misses you.
Eustachio hits you with a +2 vampiric rapier.
* * * LOW HITPOINT WARNING * * *
The quokka closely misses you. Eustachio attacks as you move away!
Eustachio barely misses you. Eustachio attacks as you move away!
Eustachio closely misses you.
Eustachio utters an oath, "I will die for my friends!"
Eustachio attacks as you move away! Eustachio misses you.
The quokka attacks as you move away! The quokka bites you.
You die...

##......## #.#
#..####.### #.# #.##
##...# #.# #.# #..#.#
#.# #
#@#######'############
#.#.............#.....
#.#.............#####.
#.#.............# #..
#5#..@#######...# #.#
#.#.@r#######...####.#
#.#...### ###...##...#
#.'...## ##...'..###
###...### ##...##.#
#...#######...##.#
#...#######...##.#
#.............##.#
#.............##.#


You could see Eustachio and a quokka (summoned).

Vanquished Creatures
  5 adders
  An ufetubus (D:3)
  3 worms
  3 dart slugs
  5 orcs (D:3)
  4 endoplasms
  A giant cockroach (D:1)
  4 goblins
  7 hobgoblins
  5 quokkas
  3 ball pythons (D:1)
  5 bats
  7 frilled lizards
  2 kobolds (D:2)
  6 rats
61 creatures vanquished.

Notes
Turn   | Place    | Note
-------+----------+-------------------------------------------
     0 | D:1      | browni3141 the Human Earth Elementalist began the quest for
                  | the Orb.
     0 | D:1      | Reached XP level 1. HP: 13/13 MP: 3/3
   139 | D:1      | Reached skill level 1 in Fighting
   354 | D:1      | Reached XP level 2. HP: 21/21 MP: 1/5
   797 | D:1      | Reached XP level 3. HP: 26/26 MP: 3/6
   996 | D:1      | Reached skill level 4 in Earth Magic
  1358 | D:2      | Learned a level 2 spell: Passwall
  1685 | D:2      | Reached XP level 4. HP: 27/32 MP: 3/7
  1781 | D:2      | Found a faded altar of an unknown god.
  2136 | D:3      | Learned a level 3 spell: Stone Arrow
  2595 | D:3      | Reached XP level 5. HP: 37/37 MP: 5/8
  2693 | D:3      | Found a white marble altar of Elyvilon.
  2889 | D:3      | Reached skill level 1 in Conjurations
  2986 | D:4      | Noticed Eustachio
  2992 | D:4      | Found an ancient bone altar of Kikubaaqudgha.
  3232 | D:3      | Slain by a quokka

Illustrated notes

Levels and vault maps discovered:
D:1:      sevenhm_arrival_forest_fort_large_2, layout_loops_corners,
          minmay_misc_feat_doors
D:2:      layout_basic, hellmonk_ecumenical_altar_crossroads
D:3:      layout_rooms, elyvilon_altar_1, kennysheep_path_1, grunt_ministairs_11
D:4:      minmay_chambers_of_fours, layout_loops_ring,
          mainiacjoe_overflow_concentric_impassable,
          mainiacjoe_overflow_boulevard, okawaru_metal_pillars_1_2,
          grunt_temple_overflow_diamond, uniq_sigmund, uniq_pikel, uniq_edmund,
          uniq_eustachio

Skill      XL: |  1  2  3  4  5 |
---------------+----------------+-----
Fighting       | 1 |  1.0
Earth Magic    | 4 |  4.8
Conjurations   | 1 |  1.0
Dodging        | |  2.0
Stealth        | |  2.0
Spellcasting   | |  2.3
Transmutations | |  1.7

Action                     |  1- 3 |  4- 6 || total
---------------------------+-------+-------++-------
  Melee: Dagger            |     1 |     9 ||    10
   Cast: Sandblast         |    53 |    60 ||   113
 Armour: Robe              |     3 |    11 ||    14
  Dodge: Dodged            |     9 |    92 ||   101

Table legend: (Time is in decaauts)
 A = Elapsed time spent in this place.
 B = Non-inter-level travel time spent in this place.
 C = Inter-level travel time spent in this place.
 D = Time resting spent in this place.
 E = Time spent auto-exploring this place.
 F = Levels seen in this place.
 G = Mean time per level.
                   A        B        C        D        E       F      G
               +--------+--------+--------+--------+--------+-----+--------+
         Total |   3289 |   3148 |    141 |    155 |   2493 |   4 |  822.2 |
       Dungeon |   3289 |   3148 |    141 |    155 |   2493 |   4 |  822.2 |
               +--------+--------+--------+--------+--------+-----+--------+

Top non-repeatable levels by time:
     D:1: 1353 daAuts
     D:3: 1124 daAuts
     D:2: 721 daAuts
     D:4: 91 daAuts
